 Dungeon Crawl Stone Soup version 0.21-a0-641-geef9d7f (webtiles) character file.

85 shenanigans the Skirmisher (level 4, -3/35 HPs)
             Began as a Barachi Skald on Dec 30, 2017.
             Slain by an orc
             ... wielding a +0 mace
              (7 damage)
             ... on level 3 of the Dungeon.
             The game lasted 00:03:57 (2383 turns).

shenanigans the Skirmisher (Barachi Skald)          Turns: 2383, Time: 00:04:11

Health: -3/35      AC:  3    Str: 13    XL:     4   Next: 48%
Magic:  7/7        EV: 12    Int: 14    God:
Gold:   158        SH:  0    Dex: 11    Spells: 6/7 levels left

rFire    . . .     SeeInvis .   q - +1 whip (venom)
rCold    . . .     Gourm    .   (no shield)
rNeg     . . .     Faith    .   b - +0 leather armour
rPois    .         Spirit   .   (no helmet)
rElec    .         Reflect  .   (no cloak)
rCorr    .         Harm     .   (no gloves)
MR       .....                  (no boots)
Stlth    +.........             (no amulet)
HPRegen  0.11/turn              (no ring)
MPRegen  0.10/turn              (no ring)

@: slow
A: +LOS, swims, slowness 1, strong legs 1
a: Hop


You were on level 3 of the Dungeon.
You were near starving.

You visited 1 branch of the dungeon, and saw 3 of its levels.

You collected 158 gold pieces.

Inventory:

Hand Weapons
 a - a +0 hand axe
 k - a +3 whip
 q - a +1 whip of venom (weapon)
Armour
 b - a +0 leather armour (worn)
Jewellery
 p - an uncursed amulet of guardian spirit {unknown}
Wands
 n - a wand of digging (13)
Scrolls
 e - 2 scrolls of teleportation {unknown}
 f - 2 scrolls of remove curse {unknown}
 h - a scroll of fear {unknown}
 j - a scroll of random uselessness {unknown}
 l - 2 scrolls of immolation {unknown}
 m - 2 scrolls of identify {unknown}
Potions
 g - 3 potions of might {unknown}
 i - 3 potions of degeneration {unknown}
 o - 2 potions of flight {unknown}
Books
 c - a book of Battle

   Spells                             Type                      Level
   a - Infusion                       Charms                       1
   b - Shroud of Golubria             Charms/Translocation         2
   c - Song of Slaying                Charms                       2
   d - Spectral Weapon                Hexes/Charms                 3
   e - Regeneration                   Charms/Necromancy            3
Comestibles
 d - 8 rations


   Skills:
 + Level 3.4 Fighting
 + Level 3.2 Axes
 + Level 2.6 Armour
 + Level 3.1 Dodging
 - Level 2.1 Spellcasting
 - Level 3.2 Charms


You had 6 spell levels left.
You knew the following spells:

 Your Spells              Type           Power        Failure   Level  Hunger
a - Infusion              Chrm           ##..         8%          1    #......


Dungeon Overview and Level Annotations

Branches:
Dungeon (3/15)

Altars:
Nemelex Xobeh


Innate Abilities, Weirdness & Mutations

Shadows flee at your approach. (+LOS)
You can swim through water.
You cover ground slowly.
You can hop short distances.


Message History

Beogh smites you!
You closely miss the orc wizard.
The orc wizard is moderately wounded.
The orc wizard closely misses you.
You completely miss the orc.
The orc priest calls upon Beogh to heal the orc wizard.
The orc wizard is healed somewhat.
You barely miss the orc.
The orc priest mumbles some strange prayers to Beogh against you.
Beogh smites you!
You closely miss the orc wizard.
The orc wizard is moderately wounded.
The orc wizard closely misses you. The orc hits you with a mace.
You barely miss the orc wizard.
The orc wizard is heavily wounded.
The orc priest mumbles some strange prayers to Beogh against you.
Pain shoots through your body!
* * * LOW HITPOINT WARNING * * *
The orc hits you with a mace!
You die...

#.# #.# #.# #.#
#.# #.# ### #.#
###.# #.# ..#.#
######.# #.#.#
....# #.#.#
....# #.#o#
....# #.#.####.#
....#
#.#####.o@o....#
....#
..........####.#
....#
##.####..##
..... #..# .....
#..###### .....
#.####.......#
###+#
#..........###
#.# #.###.#....#
#.# #
#...#....###.#


You could see an orc priest, an orc wizard and an orc.

Vanquished Creatures
  An adder (D:2)
  4 oozes
  A worm (D:3)
  2 dart slugs (D:1)
  A leopard gecko (D:1)
  An orc (D:3)
  6 bats
  2 giant cockroaches (D:2)
  5 goblins
  5 hobgoblins
  3 jackals (D:3)
  3 frilled lizards
  11 kobolds
  3 rats
48 creatures vanquished.

Notes
Turn   | Place    | Note
-------+----------+-------------------------------------------
     0 | D:1      | shenanigans the Barachi Skald began the quest for the Orb.
     0 | D:1      | Reached XP level 1. HP: 17/17 MP: 3/3
   242 | D:1      | Reached XP level 2. HP: 19/23 MP: 5/5
   638 | D:1      | Reached XP level 3. HP: 14/29 MP: 6/6
  1653 | D:2      | Reached XP level 4. HP: 35/35 MP: 7/7
  1827 | D:2      | Found a sparkling altar of Nemelex Xobeh.
  2383 | D:3      | Slain by an orc

Vault maps used:
D:1:      lemuel_arrival_broad_hall
D:2:      nemelex_xobeh_ov_fountains_minmay, first_ration
D:3:      fedhas_altar_4, uniq_jessica

Skill      XL: |  1  2  3 |
---------------+----------+-----
Fighting       | 3 |  3.4
Armour         | 2 |  2.6
Axes           | 3 |  3.2
Dodging        | 3 |  3.1
Spellcasting   | |  2.1
Charms         | |  3.2

Action                   |  1- 3 |  4- 6 || total
-------------------------+-------+-------++-------
Melee: Hand axe          |    80 |       ||    80
       Whip              |    20 |    67 ||    87
 Cast: Infusion          |     3 |       ||     3
 Stab: Sleeping          |     1 |       ||     1
  Eat: Chunk             |     2 |     2 ||     4
Armor: Leather armour    |    16 |     8 ||    24
Dodge: Dodged            |    73 |    46 ||   119

Table legend:
 A = Spawn XP
 B = Non-spawn XP
 C = Spawn XP percentage of total XP
 D = Spawn monster count
 E = Non-spawn monster count
 F = Spawn count percentage of total count
 G = Total turns spent on level
                    A         B        C        D         E        F      G
               +---------+---------+-------+---------+---------+-------+---------
         Total |       0 |     122 |   0.0 |       0 |      48 |   0.0 |  2383
               +---------+---------+-------+---------+---------+-------+---------
           D:1 |       0 |      53 |   0.0 |       0 |      22 |   0.0 |  1333
           D:2 |       0 |      40 |   0.0 |       0 |      15 |   0.0 |   606
           D:3 |       0 |      29 |   0.0 |       0 |      11 |   0.0 |   444
               +---------+---------+-------+---------+---------+-------+---------
